 Dungeon Crawl Stone Soup version 0.29.1-2-gbd0b4ee654 (webtiles) character file.

Game seed: 299639638242446578

1229 hawla the Arsonist (level 9, -2/63 HPs)
             Began as a Meteoran Fire Elementalist on Oct 25, 2022.
             Was a Follower of Vehumet.
             Slain by an orc warrior
             ... wielding a +0 war axe
              (7 damage)
             ... on level 6 of the Dungeon.
             The game lasted 00:11:17 (3060 turns).

hawla the Arsonist (Meteoran Fire Elementalist)     Turns: 3060, Time: 00:11:18

Health: -2/63      AC:  5    Str: 11    XL:     9   Next: 5%
Magic:  4/19       EV: 13    Int: 20    God:    Vehumet [*.....]
Gold:   300        SH:  0    Dex: 23    Spells: 13/20 levels left

rFire   . . .      SeeInvis .   (no weapon)
rCold   . . .      Faith    .   (no shield)
rNeg    . . .      Spirit   .   a - +1 robe
rPois   .          Reflect  .   (helmet restricted)
rElec   .          Harm     .   h - +0 cloak
rCorr   .          Rampage  .   (no gloves)
Will    +....                   p - +0 pair of boots
Stlth   ++........              q - amulet of magic regeneration
HPRegen 0.20/turn               t - +6 ring of dexterity
MPRegen 0.56/turn               (no ring)

@: glowing
A: sense surroundings 2, otherworldly, glowing, explore regen, horns 1, thin
skeletal structure 1, subdued magic 1
a: Renounce Religion


You were on level 6 of the Dungeon.
You worshipped Vehumet.
Vehumet was aware of your devotion.
You visited 2 branches of the dungeon, and saw 7 of its levels.

You collected 300 gold pieces.

Inventory:

Armour
 a - a +1 robe (worn)
 h - a +0 cloak (worn)
 p - a +0 pair of boots (worn)
Jewellery
 q - an amulet of magic regeneration (around neck)
 t - a +6 ring of dexterity (left hand)
Wands
 o - a wand of flame (17) (quivered)
 v - a wand of quicksilver (12)
Scrolls
 c - 3 scrolls of teleportation
 i - 2 scrolls of enchant armour
 m - a scroll of brand weapon
 s - 2 scrolls of fog
Potions
 b - 2 potions of magic
 d - 5 potions of might
 f - a potion of brilliance
 g - a potion of degeneration {unknown}
 j - a potion of resistance {unknown}
 l - a potion of heal wounds
 n - 2 potions of curing {unknown}
 u - a potion of berserk rage {unknown}


   Skills:
 + Level 0.4 Fighting
 + Level 2.8 Dodging
 - Level 1.4 Stealth
 + Level 6.4 Spellcasting
 + Level 4.6 Conjurations
 + Level 9.4 Fire Magic
 + Level 2.0 Evocations


You had 13 spell levels left.
You knew the following spells:

 Your Spells              Type           Power      Damage    Failure   Level
a - Foxfire               Conj/Fire      100%       2x1d9     1%          1
b - Scorch                Fire           68%        2d8       1%          2
c - Flame Wave            Conj/Fire      26%        2d8       4%          4

Your spell library contained the following spells:

 Spells                   Type           Power      Damage    Failure   Level
 Magic Dart               Conj           76%        1d6       1%          1
 Conjure Flame            Conj/Fire      26%        6-21      1%          3
 Inner Flame              Hex/Fire       19%        N/A       3%          3
 Summon Guardian Golem    Hex/Summ       4%         N/A       26%         3
 Orb of Destruction       Conj           9%         9d6       100%        7
 Spellforged Servitor     Conj/Summ      6%         N/A       100%        7


Dungeon Overview and Level Annotations

Branches:
Dungeon (6/15) Zot: 570    Temple (1/1) D:4 Zot: 568

Altars:
Cheibriados
Dithmenos
Elyvilon
Fedhas
Gozag
Hepliaklqana
Kikubaaqudgha
Makhleb
Nemelex Xobeh
Okawaru
Qazlal
Ru
Sif Muna
Trog
Uskayaw
Vehumet
Xom
Yredelemnul
The Shining One

Annotations:
D:2 Sigmund
Temple 2 transporters


Innate Abilities, Weirdness & Mutations

You passively map the area around you.
You are easily found by Zot.
You glow in the dark.
You regain HP and MP as you explore.
You have a pair of small horns on your head.
You have a somewhat thin skeletal structure. (Dex +2, Stealth+)
Your spells are a little easier to cast, but a little less powerful.


Message History

You kill the orc!
Vehumet accepts your kill.
You feel your power returning.
The flame wave engulfs the orc warrior!
The orc warrior is heavily wounded.
The flame wave engulfs the iguana!
The iguana is severely wounded.
The orc warrior hits you with a +0 war axe!
A wave of flame ripples out!
The flame wave engulfs the iguana!
You kill the iguana!
Vehumet accepts your kill.
The flame wave engulfs the orc warrior but does no damage.
The orc warrior is heavily wounded.
You finish channelling waves of flame.
The orc warrior barely misses you.
Unknown command.
Casting: Flame Wave (dangerous; 4% risk of failure)
Confirm with . or Enter, or press ? or * to list all spells.
You don't know that spell.
Casting: Flame Wave (dangerous; 4% risk of failure)
Confirm with . or Enter, or press ? or * to list all spells.
Flames lash the orc warrior.
The orc warrior is severely wounded.
The orc warrior's fire resistance burns away.
The orc warrior hits you with a +0 war axe.
* * * LOW HITPOINT WARNING * * *
Casting: Scorch (safe; 1% risk of failure)
Confirm with . or Enter, or press ? or * to list all spells.
Flames lash the orc warrior.
The orc warrior is burned terribly!
The orc warrior is almost dead.
The orc warrior closely misses you.
Casting: Scorch (safe; 1% risk of failure)
Confirm with . or Enter, or press ? or * to list all spells.
Flames lash the orc warrior but do no damage.
The orc warrior hits you with a +0 war axe!
* * * LOW HITPOINT WARNING * * *
Casting: Scorch (safe; 1% risk of failure)
Confirm with . or Enter, or press ? or * to list all spells.
Flames lash the orc warrior.
The orc warrior is burned terribly!
The orc warrior is almost dead.
The orc warrior hits you with a +0 war axe!
You die...

, , , * *
* ,, ....
* *
.#.###* *
,..... . ,
,#...# ,
... ,#...#
,
...$##...#
* *
#..)..o.#
#....)@.#
...>####.#
, , ., ,
#.# , * *
* #.# , ,
* #.# * *
#.# * ,*
#.# * #.#
* * #.#


You could see an orc warrior (combustible).

Vanquished Creatures
  Prince Ribbit (D:5)
  A sky beast (D:6)
  A black bear (D:5)
  2 ogres (D:5)
  A necrophage (D:5)
  3 scorpions (D:5)
  A jelly (D:4)
  A hound (D:4)
  4 iguanas
  An orc wizard (D:3)
  10 gnolls
  7 adders
  A white imp (D:6)
  An ufetubus (D:4)
  4 worms
  2 dart slugs
  8 orcs
  5 bats
  4 endoplasms
  3 giant cockroaches
  4 goblins
  5 hobgoblins
  5 kobolds
  A quokka (D:2)
  3 ball pythons
  2 frilled lizards (D:2)
  4 rats
85 creatures vanquished.

Vanquished Creatures (collateral kills)
  A foxfire (D:4)
1 creature vanquished.

Vanquished Creatures (others)
  142 foxfires
  4 plants
146 creatures vanquished.

Grand Total: 232 creatures vanquished

Notes
Turn   | Place    | Note
-------+----------+-------------------------------------------
     0 | D:1      | hawla the Meteoran Fire Elementalist began the quest for
                  | the Orb.
     0 | D:1      | Reached XP level 1. HP: 14/14 MP: 5/5
    81 | D:1      | Reached XP level 2. HP: 18/20 MP: 4/6
   183 | D:1      | Reached skill level 4 in Fire Magic
   226 | D:1      | Learned a level 2 spell: Scorch
   297 | D:1      | Reached XP level 3. HP: 26/26 MP: 5/8
   381 | D:1      | Found a faded altar of an unknown god.
   500 | D:1      | Glimpsed the power of Zot.
   504 | D:2      | Noticed Sigmund
   687 | D:2      | Reached XP level 4. HP: 33/33 MP: 6/9
   692 | D:2      | Learned a level 4 spell: Flame Wave
   922 | D:2      | Reached skill level 5 in Fire Magic
  1200 | D:3      | Reached XP level 5. HP: 22/38 MP: 5/10
  1289 | D:3      | Found a basalt altar of Yredelemnul.
  1299 | D:3      | Found a sparkling altar of Nemelex Xobeh.
  1301 | D:3      | Found a bloodstained altar of Trog.
  1631 | D:4      | Reached skill level 6 in Fire Magic
  1640 | D:4      | Gained mutation: You have a pair of small horns on your
                  | head. [potion of mutation]
  1640 | D:4      | Gained mutation: Your spells are a little easier to cast,
                  | but a little less powerful. [potion of mutation]
  1640 | D:4      | Gained mutation: You have a somewhat thin skeletal
                  | structure. (Dex +2, Stealth+) [potion of mutation]
  1658 | D:4      | Reached XP level 6. HP: 45/45 MP: 6/11
  1734 | D:4      | Found a staircase to the Ecumenical Temple.
  1763 | Temple   | Entered the Ecumenical Temple
  1763 | Temple   | Found a transporter.
  1763 | Temple   | Found a transporter.
  1765 | Temple   | Found a transporter.
  1765 | Temple   | Found a transporter.
  1779 | Temple   | Became a worshipper of Vehumet
  1841 | D:4      | Noticed an ogre
  1854 | D:5      | Entered Level 5 of the Dungeon
  1992 | D:5      | Reached skill level 7 in Fire Magic
  2028 | D:5      | Reached XP level 7. HP: 50/50 MP: 5/12
  2123 | D:5      | Reached skill level 1 in Evocations
  2171 | D:5      | Reached skill level 8 in Fire Magic
  2171 | D:5      | Reached * piety under Vehumet
  2171 | D:5      | Offered knowledge of Magic Dart by Vehumet.
  2189 | D:5      | Reached XP level 8. HP: 25/58 MP: 7/15
  2443 | D:5      | Reached skill level 5 in Spellcasting
  2631 | D:5      | Noticed Prince Ribbit
  2640 | D:5      | Killed Prince Ribbit
  2641 | D:5      | Reached skill level 9 in Fire Magic
  2931 | D:5      | Glimpsed the power of Zot.
  3044 | D:6      | Gained mutation: You passively map the area around you.
                  | [Meteoran growth]
  3044 | D:6      | Reached XP level 9. HP: 53/63 MP: 11/19
  3060 | D:6      | Slain by an orc warrior

Illustrated notes

Levels and vault maps discovered:
D:1:      ncdulo_lavacross, layout_loops_ring,
          dreamdust_ecumenical_altar_hidden_monk_grotto,
          minmay_misc_feat_encased
D:2:      layout_rooms, serial_glass, glass_columns_a, glass_columns_a,
          uniq_sigmund
D:3:      layout_basic, gammafunk_temple_overflow_forgotten
D:4:      layout_cave_pools, minmay_temple_entry_glassed_door, serial_bayou,
          serial_bayou_lagoon_a, serial_bayou_pond_b, serial_bayou_pond_c,
          serial_bayou_pond_b, gammafunk_ghost_smash
D:5:      layout_layer_cave, uniq_prince_ribbit1
D:6:      layout_basic, uniq_eustachio
Temple:   hellmonk_temple_divided_pantheon

Skill      XL: |  1  2  3  4  5  6  7  8 |
---------------+-------------------------+-----
Spellcasting   | 3 4 6 |  6.4
Fire Magic     | 4 5 6 7 8 9 |  9.4
Conjurations   | 2 3 4 |  4.6
Evocations     | 2 |  2.0
Fighting       | |  0.4
Dodging        | |  2.8
Stealth        | |  1.4

Action                   |  1- 3 |  4- 6 |  7- 9 || total
-------------------------+-------+-------+-------++-------
Melee: Unarmed           |     5 |     5 |       ||    10
       Headbutt          |       |     1 |       ||     1
 Cast: Foxfire           |    29 |    40 |    19 ||    88
       Scorch            |    15 |    25 |    33 ||    73
       Flame Wave        |       |     1 |     6 ||     7
  Use: Scroll            |       |    13 |     3 ||    16
       Potion            |       |     1 |       ||     1
Armor: Robe              |     7 |     7 |     1 ||    15
Dodge: Dodged            |     8 |    12 |    20 ||    40
